 Dungeon Crawl Stone Soup version 0.22.0-25-g7663229 (webtiles) character file.

54 Mgcat the Chopper (level 4, -6/35 HPs)
             Began as a Human Berserker on Aug 20, 2018.
             Was a Believer of Trog.
             Mangled by a gnoll
             ... wielding a +0 halberd
              (14 damage)
             ... on level 2 of the Dungeon.
             The game lasted 00:02:50 (983 turns).

Mgcat the Chopper (Human Berserker)                  Turns: 983, Time: 00:02:51

Health: -6/35      AC:  6    Str: 19    XL:     4   Next: 12%
Magic:  4/4        EV: 10    Int:  7    God:    Trog [**....]
Gold:   133        SH:  3    Dex: 12    Spells: 3/3 levels left

rFire    . . .     SeeInvis .   a - +0 hand axe
rCold    . . .     Gourm    .   o - +0 buckler
rNeg     . . .     Faith    .   p - +0 ring mail
rPois    .         Spirit   .   (no helmet)
rElec    .         Reflect  .   (no cloak)
rCorr    .         Harm     .   j - +0 pair of gloves
MR       .....                  (no boots)
Stlth    +.........             (no amulet)
HPRegen  0.11/turn              (no ring)
MPRegen  0.09/turn              (no ring)

@: berserk cooldown, slowed, very slow
A: no striking features
a: Berserk, Trog's Hand, Renounce Religion


You were on level 2 of the Dungeon.
You worshipped Trog.
Trog was pleased with you.
You were hungry.

You visited 1 branch of the dungeon, and saw 2 of its levels.

You collected 133 gold pieces.

Inventory:

Hand Weapons
 a - a +0 hand axe (weapon)
Armour
 j - a +0 pair of gloves (worn)
   (You found it on level 1 of the Dungeon)
 o - a +0 buckler (worn)
   (You found it on level 1 of the Dungeon)
 p - a +0 ring mail (worn)
   (You found it on level 1 of the Dungeon)
Scrolls
 d - 4 scrolls of identify {unknown}
 f - a scroll of enchant weapon {unknown}
 h - 2 scrolls of remove curse {unknown}
 i - a scroll of random uselessness {unknown}
 m - a scroll of blinking {unknown}
 n - a scroll of teleportation {unknown}
Potions
 b - 2 potions of heal wounds {unknown}
 e - a potion of curing {unknown}
 k - a potion of ambrosia {unknown}
 l - 2 potions of flight {unknown}
 q - a potion of degeneration {unknown}
Comestibles
 c - 3 rations
 g - 3 chunks of flesh {@w0}


   Skills:
 - Level 3.0 Fighting
 + Level 4.7 Axes
 - Level 2.0 Armour
 - Level 2.0 Dodging


You had 3 spell levels left.
You didn't know any spells.
Your spell library was empty.

Dungeon Overview and Level Annotations

Branches:
Dungeon (2/15)

Altars:
Gozag
Trog


Message History

The worm is moderately wounded.
You hit the worm.
The worm is heavily wounded.
You block the worm's attack.
You hit the worm.
The worm is heavily wounded.
The worm barely misses you.
You hit the worm.
The worm is severely wounded.
You hit the worm but do no damage.
The worm is severely wounded.
The worm bites you but does no damage.
You hit the worm.
The worm is severely wounded.
The worm bites you.
You are too injured to fight recklessly!
You are too injured to fight recklessly!
You are too injured to fight recklessly!
You are too injured to fight recklessly!
You are too injured to fight recklessly!
You hit the worm.
The worm is severely wounded.
You slash the worm!
You kill the worm!
Trog accepts your kill.
A leopard gecko, an adder and a hobgoblin come into view.
The leopard gecko hisses angrily.
The adder hisses angrily.
The hobgoblin shouts!
Found a stone staircase leading down.
There are monsters nearby!
The adder bites you but does no damage.
A red film seems to cover your vision as you go berserk!
You feel yourself moving faster!
You feel mighty!
You are feeling hungry.
The adder barely misses you.
You slash the adder!
The adder is almost dead.
You block the adder's attack.
You barely miss the adder.
The adder is almost dead.
The adder bites you.
You closely miss the adder.
The adder is almost dead.
You block the adder's attack.
You slash the adder!
You kill the adder!
Trog accepts your kill.
You have reached level 4!
You feel stronger.
You slash the leopard gecko!
You kill the leopard gecko!
Trog accepts your kill.
You can now call upon Trog for regeneration and magic resistance.
The hobgoblin hits you but does no damage.
You see here a leopard gecko corpse.
You hit the hobgoblin.
You kill the hobgoblin!
Trog accepts your kill.
No target in view!
No target in view!
No target in view!
No target in view!
Things that are here:
a club; a hobgoblin corpse You feel a strong urge to attack something.
You see here a leopard gecko corpse.
You butcher the leopard gecko corpse.
You are no longer berserk.
You are exhausted.
You feel yourself slow down.
g - 3 chunks of flesh {@w0} (gained 2)
You see here a leopard gecko skeleton.
A gnoll comes into view. It is wielding a halberd.
Unknown command.
Unknown command.
Unknown command.
Things that are here:
a club; a hobgoblin corpse The gnoll drinks a potion.
The gnoll suddenly seems more agile.
The gnoll hits you with a halberd.
You hit the gnoll.
The gnoll is lightly wounded.
The gnoll hits you with a halberd!
You slash the gnoll!
The gnoll is almost dead.
The gnoll barely misses you.
You hit the gnoll but do no damage.
The gnoll is almost dead.
The gnoll barely misses you. The gnoll hits you with a halberd.
You closely miss the gnoll.
The gnoll is severely wounded.
The gnoll hits you with a halberd!
* * * LOW HITPOINT WARNING * * *
You miss the gnoll.
The gnoll is severely wounded.
The gnoll completely misses you. You block the gnoll's attack.
You hit the gnoll but do no damage.
The gnoll is severely wounded.
The gnoll hits you with a halberd!
You die...

## .####### ## .# ##.....#
. .## ..####.####.# >.#
.##.......#.#######..#
.............g÷)..#..#
.##.###.#.#.#####g#..#
.##.# #.........@....##...
.##.# ##..#.#......$......
....####..##..####..###...
..............# ##.#
###.####..##.## .# #.#
##.##.# .. # #.#####..#.#
..# ###......#.#.# ...
......##.#...# .#.[


You could see a gnoll.

Vanquished Creatures
  An adder (D:2)
  2 worms (D:2)
  2 dart slugs (D:1)
  2 leopard geckos
  5 bats
  5 goblins
  7 hobgoblins
  4 jackals (D:2)
  A kobold (D:1)
  A rat (D:1)
30 creatures vanquished.

Notes
Turn   | Place    | Note
-------+----------+-------------------------------------------
     0 | D:1      | Mgcat the Human Berserker began the quest for the Orb.
     0 | D:1      | Reached XP level 1. HP: 18/18 MP: 1/1
   103 | D:1      | Reached XP level 2. HP: 24/24 MP: 2/2
   406 | D:1      | Reached skill level 4 in Axes
   406 | D:1      | Reached XP level 3. HP: 29/29 MP: 3/3
   774 | D:2      | Found a bloodstained altar of Trog.
   775 | D:2      | Found an opulent altar of Gozag.
   964 | D:2      | Reached XP level 4. HP: 35/35 MP: 4/4
   965 | D:2      | Reached ** piety under Trog
   981 | D:2      | HP: 7/35 [gnoll/halberd (9)]
   983 | D:2      | Mangled by a gnoll

Skill      XL: |  1  2 |
---------------+-------+-----
Axes           | 4 |  4.7
Fighting       | |  3.0
Armour         | |  2.0
Dodging        | |  2.0

Action                   |  1- 3 |  4- 6 || total
-------------------------+-------+-------++-------
Melee: Hand axe          |    88 |     8 ||    96
Invok: Berserk           |     3 |       ||     3
  Eat: Chunk             |     2 |       ||     2
Armor: Animal skin       |     7 |       ||     7
       Leather armour    |     9 |       ||     9
       Ring mail         |    24 |     1 ||    25
Dodge: Dodged            |    63 |     3 ||    66
Block: Buckler           |     6 |     1 ||     7

Vault maps used:
D:1:      dpeg_arrival_tiny_h
D:2:      makhleb_blood_cavern_becter, lemuel_round_altar,
          gammafunk_temple_overflow_statue, minmay_misc_feat_alley

Table legend:
 A = Turns spent in this place as a percentage of turns spent in the entire game.
 B = Non-inter-level travel turns spent in this place as a percentage of non-inter-level travel turns spent in the entire game.
 C = Inter-level travel turns spent in this place as a percentage of turns spent in this place.
 D = Turns resting spent in this place as a percentage of non-inter-level travel turns spent in this place.
 E = Turns spent auto-exploring this place as a percentage of non-inter-level travel turns spent in this place.
 F = Non-inter-level travel turns spent in this place divided by the number of levels of this place that you've seen.
                   A       B       C       D       E      F
               +-------+-------+-------+-------+-------+----------------------
         Total | 100.0 | 100.0 |   4.3 |  11.9 |  56.5 | 470.5
       Dungeon | 100.0 | 100.0 |   4.3 |  11.9 |  56.5 | 470.5
               +-------+-------+-------+-------+-------+----------------------

Table legend:
 A = Kills in this place as a percentage of kills in entire the game.
 B = Kills by you in this place as a percentage of kills by you in the entire game.
 C = Kills by friends in this place as a percentage of kills by friends in the entire game.
 D = Other kills in this place as a percentage of other kills in the entire game.
 E = Experience gained in this place as a percentage of experience gained in the entire game.
 F = Experience gained in this place divided by the number of levels of this place that you have seen.
                   A       B       C       D       E      F
               +-------+-------+-------+-------+-------+----------------------
         Total | 100.0 | 100.0 |   N/A |   N/A | 100.0 |  39.0
       Dungeon | 100.0 | 100.0 |   N/A |   N/A | 100.0 |  39.0
               +-------+-------+-------+-------+-------+----------------------
